 Dungeon Crawl Stone Soup version 0.31.0 (webtiles) character file.

Game seed: 4962154068391591388

6360 gelatine the Cleaver (level 10, -3/77 HPs)
             Began as a Demonspawn Fighter on Jan 20, 2024.
             Slain by Fannar
             ... wielding a +0 quarterstaff of freezing
              (12 damage)
             ... on level 9 of the Dungeon.
             The game lasted 00:17:27 (7964 turns).

gelatine the Cleaver (Demonspawn Fighter)           Turns: 7964, Time: 00:17:28

Health: -3/77      AC: 16    Str: 21    XL:     10   Next: 65%
Magic:  10/10      EV:  9    Int:  9    God:
Gold:   449        SH: 16    Dex: 12    Spells: 9/9 levels left

rFire   + . .        a - +1 war axe
rCold   . . .        c - +0 buckler
rNeg    . . .        l - +2 chain mail "Ivikhlil" {rCorr}
rPois   .            v - +0 helmet
rElec   .            k - +0 cloak
rCorr   +            s - +0 pair of gloves
SInv    .            (no boots)
Will    .....        (no amulet) Stlth
                     p - ring of protection from fire
HPRegen 0.32/turn    I - ring of resist corrosion
MPRegen 0.12/turn

%: no passive effects
@: no status effects
A: large bone plates 2, powered by death 1, condensation shield, weakness
stinger 1
a: no special abilities


You were on level 9 of the Dungeon.
You visited 3 branches of the dungeon, and saw 11 of its levels.

You collected 512 gold pieces.
You spent 63 gold pieces at shops.

Inventory:

Hand Weapons
 a - a +1 war axe (weapon)
 J - a +3 hand axe
Missiles
 y - 2 boomerangs (quivered)
 G - a throwing net
Armour
 c - a +0 buckler (worn)
 k - a +0 cloak (worn)
 l - the +2 chain mail "Ivikhlil" (worn) {rCorr}
   (You found it on level 3 of the Dungeon)

   rCorr:     It protects you from acid and corrosion.
 s - a +0 pair of gloves (worn)
 u - a +0 ring mail of willpower
 v - a +0 helmet (worn)
 B - the +0 leather armour of Immorality {Fly rF- rC- rN+++}
   (You found it on level 6 of the Dungeon)

   rF-:       It makes you vulnerable to fire.
   rC-:       It makes you vulnerable to cold.
   rN+++:     It renders you almost immune to negative energy.
   Fly:       It grants you flight.
 D - the orb of Luapid {*Rage, rElec}
   (You found it on level 6 of the Dungeon)

   rElec:     It insulates you from electricity.
 O - the +0 robe of Didui {Dex+8 Stlth-}
   (You found it on level 9 of the Dungeon)

   Dex+8:     It affects your dexterity (+8).
   Stlth-:    It makes you less stealthy.
Jewellery
 p - a ring of protection from fire (left hand)
 I - a ring of resist corrosion (right hand)
Wands
 C - a wand of flame (9)
 E - a wand of iceblast (15)
 M - a wand of charming (3)
Scrolls
 e - 3 scrolls of enchant weapon
 f - a scroll of immolation {unknown}
 g - 3 scrolls of fear {unknown}
 h - a scroll of vulnerability
 i - 2 scrolls of summoning {unknown}
 j - 5 scrolls of teleportation {unknown}
 n - 4 scrolls of enchant armour {unknown}
 o - 2 scrolls of silence {unknown}
 r - a scroll of fog {unknown}
 t - 5 scrolls of identify {unknown}
 x - 2 scrolls of poison {unknown}
 H - a scroll of blinking {unknown}
 L - a scroll of noise {unknown}
 N - a scroll of amnesia {unknown}
 P - a scroll of revelation {unknown}
Potions
 b - 3 potions of curing
 d - a potion of might
 m - 2 potions of mutation {unknown}
 q - a potion of heal wounds {unknown}
 w - a potion of attraction {unknown}
 z - 2 potions of brilliance {unknown}
 A - a potion of lignification {unknown}
 F - 2 potions of cancellation {unknown}
 K - 3 potions of ambrosia {unknown}


   Skills:
 * Level 6.3 Fighting
 * Level 9.3 Axes
 + Level 0.3 Throwing
 * Level 6.0 Armour
 * Level 4.9 Dodging
 + Level 0.6 Stealth
 * Level 8.0 Shields
 + Level 0.2 Evocations


You had 9 spell levels left.
You didn't know any spells.
Your spell library contained the following spells:

 Spells                   Type           Power      Damage    Failure   Level
 Gell's Gravitas          Tloc           0%         N/A       100%        3
 Teleport Other           Tloc           0%         N/A       100%        3
 Dispersal                Tloc           0%         N/A       100%        6


Dungeon Overview and Level Annotations

Branches:
Dungeon (9/15)             Temple (1/1) D:4            Lair (1/5) D:9
    Orc: D:9-12

Altars:
Ashenzari
Cheibriados
Dithmenos
Fedhas
Gozag
Kikubaaqudgha
Makhleb
Nemelex Xobeh
Okawaru
Qazlal
Ru
Sif Muna
Trog
Uskayaw
Vehumet
Wu Jian
Xom
Yredelemnul

Shops:
D:5 [   D:7 [

Annotations:
D:4 2 transporters, angrytalen3's ghost, amateur MiGl
D:9 Fannar


Innate Abilities, Weirdness & Mutations

You are mostly covered in large bone plates. (SH +6)
You regenerate a little health from kills.
A meltable shield of frost defends you. (SH +4)
You have a small tail.


Message History

Fannar hits you but does no damage.
You hit Fannar. You tail-slap Fannar, but do no damage.
Fannar is lightly wounded.
Fannar hits you with a +0 quarterstaff of freezing.
Fannar freezes you.
You hit Fannar but do no damage.
Fannar is lightly wounded.
Fannar gestures wildly while chanting.
You slash Fannar! You tail-slap Fannar, but do no damage.
Fannar is moderately wounded.
You slash the ice beast! The ice beast completely misses you.
Fannar casts a spell.
Aiming: Throw Flame
Press: ? - help, Q - select action, (/) - cycle Shift-Dir - straight line, f - Fannar
Aim: Fannar, wielding a +0 quarterstaff of freezing, wearing a +2 robe of cold resistance and wearing a ring of ice (moderately wounded, 48% to hit)
The puff of flame hits Fannar.
Fannar is moderately wounded.
You block the ice beast's attack. You block Fannar's attack.
Aiming: Throw Flame
Press: ? - help, Q - select action, (/) - cycle Shift-Dir - straight line, f/p - Fannar
Aim: Fannar, wielding a +0 quarterstaff of freezing, wearing a +2 robe of cold resistance and wearing a ring of ice (moderately wounded, 48% to hit)
The puff of flame hits Fannar.
Fannar is moderately wounded.
Fannar hits you but does no damage. You block the ice beast's attack.
Aiming: Throw Flame
Press: ? - help, Q - select action, (/) - cycle Shift-Dir - straight line, f/p - Fannar
Aim: Fannar, wielding a +0 quarterstaff of freezing, wearing a +2 robe of cold resistance and wearing a ring of ice (moderately wounded, 48% to hit)
The puff of flame misses Fannar.
You block the ice beast's attack. x2
Fannar hits you with a +0 quarterstaff of freezing!
Fannar freezes you.
* * * LOW HITPOINT WARNING * * *
Fannar gestures wildly while chanting.
Fannar drains the heat from the surrounding environment!
* * * LOW HITPOINT WARNING * * *
The ice beast attacks as it pursues you!
You block the ice beast's attack.
Fannar casts a spell.
Fannar drains the heat from the surrounding environment!
You die...

..## #.....### ##.# #..#
#.......########.####
##'#####
#.....#..#..........#
.......#
####.....##............#
.......#
#..e.....####..........#
.......###..>.....#
#..........#
.......รทรท..##YY...#
#..........#
.......######.....#
#..........# .......#
####@## ########.###
#####'## ####..# #.# #.#
#....## ##.# #####.#
##'###### #..#
......#####.......# #.##
..######..'.#.#####
######.### ..##
##.##.#.#...#####........#
..8#
#..####.#.#.+...#........#
..########
#..#...##...........#


You could see Fannar and 2 ice beasts.

Vanquished Creatures
  2 cane toads
  2 komodo dragons
  Grinder (D:6)
  2 wyverns
  A yak (D:9)
  A shadow (D:9)
  A steam dragon (D:8)
  A basilisk (Lair:1)
  A water moccasin (Lair:1)
  A sky beast (D:7)
  An orc warrior (D:9)
  A black bear (D:8)
  4 ice beasts
  3 ogres
  2 wolves (D:9)
  4 centaurs
  A phantom (D:5)
  3 kobold brigands
  6 bullfrogs
  Blork the orc (D:6)
  2 scorpions
  15 wights (D:7)
  3 howler monkeys
  2 electric eels (D:6)
  3 bombardier beetles
  4 orc priests
  5 hounds
  3 jellies
  A gnoll bouda (D:7)
  A sleepcap (D:6)
  Jessica (D:3)
  6 orc wizards
  8 gnolls
  7 adders
  An ufetubus (D:6)
  2 ribbon worms
  11 orcs
  2 bats
  An endoplasm (D:1)
  6 giant cockroaches
  4 goblins
  9 hobgoblins
  4 jackals (D:2)
  18 kobolds
  3 quokkas
  11 ball pythons
  5 frilled lizards
  6 rats
183 creatures vanquished.

Vanquished Creatures (collateral kills)
  A wolf (D:9)
1 creature vanquished.

Grand Total: 184 creatures vanquished

Notes
Turn   | Place    | Note
-------+----------+-------------------------------------------
     0 | D:1      | gelatine the Demonspawn Fighter began the quest for the
                  | Orb.
     0 | D:1      | Reached XP level 1. HP: 18/18 MP: 1/1
   133 | D:1      | Gained mutation: You are partially covered in large bone
                  | plates. (SH +4) [demonic ancestry]
   133 | D:1      | Reached XP level 2. HP: 24/24 MP: 2/2
   181 | D:1      | Reached skill level 2 in Axes
   704 | D:1      | Gained mutation: You regenerate a little health from kills.
                  | [demonic ancestry]
   704 | D:1      | Reached XP level 3. HP: 28/29 MP: 3/3
  1088 | D:2      | Found a faded altar of an unknown god.
  1337 | D:2      | Gained mutation: A meltable shield of frost defends you.
                  | (SH +4) [demonic ancestry]
  1337 | D:2      | Reached XP level 4. HP: 35/35 MP: 4/4
  1564 | D:3      | Identified the +2 chain mail "Ivikhlil" {rCorr}
  1701 | D:3      | Reached skill level 3 in Axes
  1954 | D:3      | Noticed Jessica
  1958 | D:3      | Killed Jessica
  1959 | D:3      | Reached XP level 5. HP: 41/41 MP: 5/5
  2160 | D:4      | Found a shimmering altar of Xom.
  2173 | D:4      | Reached skill level 1 in Dodging
  2253 | D:4      | Noticed angrytalen3's ghost (amateur MiGl)
  2253 | D:4      | Noticed an ogre
  2254 | D:4      | Found a transporter.
  2258 | D:4      | Found a transporter.
  2258 | D:4      | Identified the +7 giant spiked club of Zotubreh {flame,
                  | *Noise rPois Str+5}
  2258 | D:4      | Noticed an ogre
  2294 | D:4      | Found a sacrificial altar of Ru.
  2455 | D:4      | Gained mutation: You have a small tail. [demonic ancestry]
  2455 | D:4      | Reached XP level 6. HP: 48/48 MP: 6/6
  2530 | D:4      | Found an opulent altar of Gozag.
  2633 | D:4      | Reached skill level 4 in Axes
  2689 | D:4      | Found a staircase to the Ecumenical Temple.
  2701 | Temple   | Entered the Ecumenical Temple
  2800 | D:5      | Entered Level 5 of the Dungeon
  2802 | D:5      | Noticed an ice beast
  2816 | D:5      | Killed an ice beast
  2880 | D:5      | Found Foaxest's Armour Shop.
  2900 | D:5      | Bought a +0 helmet for 63 gold pieces
  2924 | D:5      | Noticed an ice beast
  2939 | D:5      | Killed an ice beast
  2943 | D:5      | Gained mutation: You are mostly covered in large bone
                  | plates. (SH +6) [demonic ancestry]
  2943 | D:5      | Reached XP level 7. HP: 42/54 MP: 7/7
  2950 | D:5      | Reached skill level 5 in Axes
  3369 | D:6      | Found a basalt altar of Yredelemnul.
  3374 | D:6      | Found a sparkling altar of Nemelex Xobeh.
  3377 | D:6      | Found a blossoming altar of Fedhas.
  3380 | D:6      | Found a broken altar of Ashenzari.
  3602 | D:6      | Noticed Grinder
  3619 | D:6      | Killed Grinder
  3620 | D:6      | Reached skill level 6 in Axes
  3620 | D:6      | Reached XP level 8. HP: 46/61 MP: 8/8
  3670 | D:6      | Identified the +0 leather armour of Immorality {Fly rF- rC-
                  | rN+++}
  3701 | D:6      | Noticed Blork the orc
  3715 | D:6      | Killed Blork the orc
  3786 | D:6      | Identified the orb of Luapid {*Rage, rElec}
  4208 | D:7      | Reached skill level 7 in Axes
  4213 | D:7      | Reached skill level 5 in Shields
  4235 | D:7      | Reached skill level 5 in Fighting
  4296 | D:7      | Reached XP level 9. HP: 62/68 MP: 9/9
  4769 | D:7      | Reached skill level 8 in Axes
  4877 | D:7      | Reached skill level 5 in Armour
  4962 | D:7      | Found Rutautou's Antique Armour Shop.
  5719 | D:8      | Found an ornate altar of the Wu Jian Council.
  6352 | D:9      | Reached XP level 10. HP: 67/76 MP: 10/10
  6550 | D:9      | Found a staircase to the Lair.
  6768 | D:9      | Identified the +0 robe of Didui {Dex+8 Stlth-}
  7121 | D:9      | Identified the maw talisman "Kaobal" {rF+ rCorr}
  7210 | Lair:1   | Entered Level 1 of the Lair of Beasts
  7224 | Lair:1   | Reached skill level 9 in Axes
  7228 | Lair:1   | Noticed a cane toad
  7459 | Lair:1   | Noticed a cane toad
  7481 | D:9      | Killed a cane toad
  7692 | Lair:1   | Killed a cane toad
  7863 | Lair:1   | Noticed Fannar
  7964 | D:9      | Slain by Fannar

Illustrated notes

Levels and vault maps discovered:
D:1:      lemuel_arrival_river_passageway, layout_basic
D:2:      layout_rooms, hellmonk_ecumenical_altar_leap_of_faith
D:3:      layout_loops_ring, uniq_jessica
D:4:      layout_gridville, mainiacjoe_overflow_surrounded_room,
          xom_butterflies, nicolae_ru_path_of_blood, minmay_temple_entry_glass,
          gammafunk_ghost_smash
D:5:      layout_cave_pools, serial_shops, shop, minmay_checkerbox
D:6:      layout_cave_pools, grunt_temple_overflow_cloverleaf, serial_park,
          serial_park_fountain, serial_park_gazebo
          [serial_park_minivault_5x5_1], serial_park_square3
          [serial_park_minivault_5x5_1], uniq_grinder, uniq_blork_the_orc
D:7:      layout_loops_cross, kennysheep_windowed_goal
D:8:      cheibrodos_quashed, layout_loops_ring, elyvilon_altar_1,
          mainiacjoe_overflow_small_starburst, minmay_gold_behind_fungi,
          kennysheep_generic_room_9
D:9:      layout_roguey, lair_entry_dummy, serial_corexii_hall,
          corexii_hall_statues_l, corexii_hall_statues_i,
          corexii_hall_statues_s, st_stairs_2, item_on_display_a
Temple:   minmay_freezing_vapour_temple
Lair:1:   layout_gridlike, dreamdust_deal_with_the_devil, grunt_megastairs_5,
          uniq_fannar

Skill      XL: |  1  2  3  4  5  6  7  8  9 10 |
---------------+-------------------------------+-----
Axes           | 2 3 4 6 7 8 9 |  9.3
Armour         | 3 4 5 6 |  6.0
Shields        | 3 4 5 6 8 |  8.0
Dodging        | 1 2 3 4 |  4.9
Fighting       | 4 5 6 |  6.3
Throwing       | |  0.3
Stealth        | |  0.6
Evocations     | |  0.2

Action                     |  1- 3 |  4- 6 |  7- 9 | 10-12 || total
---------------------------+-------+-------+-------+-------++-------
  Melee: War axe           |   124 |   126 |   203 |    52 ||   505
         Tailslap          |       |     4 |    65 |    29 ||    98
         Hand axe          |       |       |   213 |   124 ||   337
  Throw: Boomerang         |       |       |    17 |     6 ||    23
  Evoke: Wand              |       |       |       |     9 ||     9
    Use: Scroll            |       |     2 |       |       ||     2
         Potion            |       |       |       |     2 ||     2
 Armour: Scale mail        |    96 |    12 |       |       ||   108
         Chain mail        |       |    50 |   222 |   128 ||   400
  Dodge: Dodged            |    56 |    29 |   108 |    48 ||   241
  Block: Buckler           |    62 |    90 |   300 |   142 ||   594
